AoeStats
← AndyT

Black Forest

506629656Analyzed
1v1 RM · 19d ago on Sep 14, 2026· 87m 29s· 2 players
Game mode
Random Map
Map size
Tiny (2 player)
Population
200
Speed
Normal
Resources
Standard
Victory
Conquest
Starting age
Dark Age
Ending age
Imperial Age
RankedLock teamsTeams togetherTeam positionsShared explorationLock speedFull tech treeHidden civsTurbo modeCheats
Victory
Defeat
🇬🇧 Italians · United Kingdom
1185
+15
🇱🇹 Lithuanians · Lithuania
1167
-15
MACDonald
1:45 Loom
5:16 Loom
12:16 Feudal Age
13:06 Man-at-Arms
13:32 Arson
14:24 Forging
14:53 Double-Bit Axe
16:04 Horse Collar
21:22 Castle Age
20:31 Wheelbarrow
21:18 Scale Barding Armor
22:04 Bloodlines
26:25 Iron Casting
26:11 Husbandry
26:37 Hand Cart
26:16 Stone Mining
26:49 Town Watch
27:31 Gold Mining
31:43 Chain Barding Armor
35:18 Bow Saw
37:26 Iron Casting
41:12 Imperial Age
39:08 Padded Archer Armor
39:59 Fletching
40:35 Scale Mail Armor
41:01 Heavy Plow
42:04 Chain Mail Armor
41:19 Capped Ram
41:29 Pikeman
41:50 Cavalier
42:27 Halberdier
43:27 Leather Archer Armor
43:34 Conscription
43:54 Tower Shields
44:58 Squires
45:39 Hoardings
44:42 Light Cavalry
45:20 Onager
48:33 Chemistry
48:11 Plate Barding Armor
51:44 Winged Hussar
57:13 Bodkin Arrow
57:41 Elite Skirmisher
68:35 Bracer
AndyT
0:51 Loom
12:52 Feudal Age
17:18 Castle Age
25:37 Padded Archer Armor
25:48 Fletching
27:54 Horse Collar
28:02 Double-Bit Axe
31:04 Bodkin Arrow
32:13 Ballistics
37:39 Imperial Age
35:40 Leather Archer Armor
39:32 Chemistry
38:48 Bracer
40:24 Ring Archer Armor
41:16 Heavy Plow
41:28 Bow Saw
43:53 Wheelbarrow
45:55 Elite Genoese Crossbowman
79:30 Capped Ram
Connection lost

Rejoining the realm…

Still unreachable

The connection could not be restored.

Session expired

The server has moved on; the page needs a fresh start.